 Dungeon Crawl Stone Soup version 0.20-b1-24-gb21faa7 (webtiles) character file.

187847 zhorgal the Executioner (level 17, -4/162 HPs)
             Began as a Minotaur Berserker on May 23, 2017.
             Was the Champion of Trog.
             Blown up by an orb spider (37 damage)
             ... with an orb of destruction
             ... on level 2 of the Spider Nest on May 25, 2017.
             The game lasted 03:35:03 (37276 turns).

zhorgal the Executioner (Minotaur Berserker)       Turns: 37276, Time: 03:35:03

Health: -4/162     AC: 22    Str: 28    XL:     17   Next: 89%
Magic:  25/25      EV: 12    Int:  7    God:    Trog [******]
Gold:   1133       SH:  4    Dex: 11    Spells: 16/16 levels left

rFire    + + .     SeeInvis +   a - +3 battleaxe (elec)
rCold    . . .     Gourm    .   (shield currently unavailable)
rNeg     . . .     Faith    .   f - +0 swamp dragon scales
rPois    +         Spirit   .   A - +2 hat {Int+3}
rElec    .         Reflect  .   C - +0 cloak
rCorr    .         Harm     .   u - +1 pair of gloves
MR       +++..                  p - +2 pair of boots
Stlth    +.........             I - amulet of regeneration
Regen    1.8/turn               c - ring of see invisible
MPRegen  0.2/turn               V - ring of protection from fire

@: regenerating
A: retaliatory headbutt, horns 2, large bone plates 1, thin skeletal structure
1, clumsy 1, fire resistance 1
a: Berserk, Trog's Hand, Brothers in Arms, Burn Spellbooks, Renounce Religion


You were on level 2 of the Spider Nest.
You worshipped Trog.
Trog was exalted by your worship.
You were hungry.

You visited 5 branches of the dungeon, and saw 29 of its levels.
You also visited: Sewer, Ice Cave and Volcano.

You collected 2889 gold pieces.
You spent 1756 gold pieces at shops.

Inventory:

Hand Weapons
 a - a +3 battleaxe of electrocution (weapon)
 b - a +5 broad axe of flaming
Missiles
 o - 8 silver tomahawks
 H - 32 tomahawks (quivered)
 S - 7 throwing nets
Armour
 f - +0 swamp dragon scales (worn)
 p - a +2 pair of boots (worn)
 u - a +1 pair of gloves (worn)
 z - a +0 plate armour of cold resistance
 A - a +2 hat of intelligence (worn)
 C - a +0 cloak (worn)
 Q - a +3 plate armour
Jewellery
 c - a ring of see invisible (left hand)
 I - an amulet of regeneration (around neck)
 T - an uncursed ring of ice
 V - a ring of protection from fire (right hand)
Wands
 d - a wand of confusion (19/48)
 m - a wand of scattershot (5/9)
 v - a wand of iceblast (13/15)
 M - a wand of digging (11/24)
 N - a wand of disintegration (16/24)
 O - a wand of acid (9/15)
Scrolls
 g - 7 scrolls of fear
 j - 10 scrolls of teleportation
 k - 2 scrolls of immolation
 y - 3 scrolls of blinking
 D - 4 scrolls of fog
 F - a scroll of identify
 G - a scroll of magic mapping
 J - a scroll of remove curse
 P - 3 scrolls of vulnerability
 W - a scroll of enchant weapon
Potions
 e - 8 potions of heal wounds
 h - a potion of ambrosia {unknown}
 l - 5 potions of agility
 q - 4 potions of might
 s - 7 potions of curing
 t - a potion of invisibility
 w - 7 potions of flight
 x - 3 potions of lignification
 E - 4 potions of resistance
 L - a potion of mutation
 U - a potion of cancellation
 Z - 3 potions of haste
Miscellaneous
 r - a lamp of fire
 K - a fan of gales
 R - a lightning rod (2/4)
Comestibles
 i - 32 fruits
 n - a meat ration
 B - 2 bread rations


   Skills:
 + Level 17.6 Fighting
 * Level 23.1 Axes
 + Level 17.2 Armour
 + Level 3.5 Dodging
 - Level 12.1 Evocations


You had 16 spell levels left.
You didn't know any spells.

Dungeon Overview and Level Annotations

Branches:
Dungeon (15/15)            Temple (0/1) D:6            Lair (6/6) D:9
  Swamp (4/4) Lair:2       Spider (2/4) Lair:4        Slime (0/5) Lair:6
    Orc (2/2) D:9             Elf (0/3) Orc:2        Vaults (0/5) D:14
 Depths (0/5) D:15

Altars:
Fedhas
Gozag
Hepliaklqana
Makhleb
Qazlal
Ru
Trog
Uskayaw
Xom
Yredelemnul
Beogh
Jiyva

Shops:
D:12 !}?*   Orc:2 [*(=

Annotations:
D:5 Sigmund
D:8 2 transporters, exclusion: 2 doors
Swamp:4 Lernaean hydra


Innate Abilities, Weirdness & Mutations

You reflexively headbutt those who attack you in melee.
You have a pair of horns on your head.
You are partially covered in large bone plates. (SH +4)
You have a somewhat thin skeletal structure. (Dex +2, Stealth)
You are clumsy. (Dex -2)
Your flesh is heat resistant. (rF+)


Message History

* * * LOW HITPOINT WARNING * * *
The jumping spider leaps!
The orb spider begins to weave its threads into a brightly glowing ball.
The orb spider spins a strand of pure energy.
The jumping spider leaps!
The orb spider weaves a glowing orb of energy.
An orb of destruction comes into view.
The orb of destruction hits a rock wall.
You block the jumping spider's attack.
The jumping spider bites you but does no damage.
Your skin crawls.
You feel resistant to hostile enchantments.
You feel somewhat more hungry.
The jumping spider leaps!
The orb spider weaves a glowing orb of energy.
An orb of destruction comes into view.
The jumping spider leaps!
The orb spider pulsates with a strange energy.
The jumping spider leaps!
The orb of destruction hits you!
You die...

##....# #...#...§.#..#. #....##
##......#....#.. #^...##
##.....#...#.....
#..(#.####..#.............
##............#ss....#....
#..........#.s........#..
#.##.....#.§§§#.....#....
#.....#..§§........#.^...
##.....>.@.....##..#......
#.#...#..#.....###........
###...##.....##.## ##..#....
###....^.)..#..#.## #^.......
##...#..#.#...#..#######.##..^#
#..##...#..#...........^....^##
#.....#........##.############
##...#^#.........##
##..#......#.....##


You could see 2 orb spiders and a jumping spider.

Vanquished Creatures
  Rupert (Lair:5)
  The ghost of Jawreze the Sharpshooter, an adept MiBe of Trog (Spider:1)
  Donald (Swamp:3)
  A ghost moth (Spider:2)
  An emperor scorpion (shapeshifter) (D:11)
  An orc warlord (Orc:1)
  An emperor scorpion (Spider:1)
  3 very ugly things
  An entropy weaver (Spider:1)
  The ghost of Yhamm the Basher, a journeyman GrFi of Makhleb (Lair:4)
  A red draconian (Volcano)
  A spark wasp (Spider:2)
  Josephine (D:11)
  An ettin (shapeshifter) (D:15)
  2 vault guards
  20 hydras
  A rakshasa (D:15)
  Harold (Lair:3)
  5 alligators
  5 centaur warriors
  A merfolk avatar (Lair:6)
  Erica (Lair:2)
  A death knight (D:15)
  An ogre mage (Volcano)
  12 two-headed ogres
  2 tengu warriors (D:15)
  4 orc high priests (Orc:2)
  2 death yaks (Lair:5)
  8 spriggans
  Nergalle (Lair:3)
  A sea snake (shapeshifter) (D:15)
  7 swamp dragons
  A spriggan druid (Swamp:4)
  2 wizards
  2 sea snakes (Lair:6)
  4 shambling mangroves
  5 unseen horrors
  4 lindwurms (Lair:5)
  3 harpies (Lair:6)
  2 necromancers (D:14)
  9 orb spiders
  3 orc knights
  3 oklob plants (Lair:6)
  34 ugly things
  5 orc sorcerers (Orc:2)
  3 cyclopes
  3 deep elf magi
  3 manticores
  17 wolf spiders
  14 elephants
  3 ice statues (IceCv)
  6 black mambas
  3 torpor snails
  4 centaur skeletons
  2 gargoyles
  18 spiny frogs
  4 rime drakes
  2 efreet (D:13)
  A redback zombie (D:15)
  A freezing wraith (D:15)
  5 demonic crawlers
  9 trolls
  11 komodo dragons
  4 red devils (D:13)
  A merfolk (shapeshifter) (D:15)
  A polar bear (Lair:6)
  A jumping spider (shapeshifter) (D:13)
  20 jumping spiders
  A queen bee (D:11)
  17 slime creatures
  6 tyrant leeches
  20 blink frogs
  2 dream sheep (D:8)
  Prince Ribbit (D:7)
  Grinder (D:3)
  16 hornets
  7 bog bodies
  11 hippogriffs
  2 shadows
  37 yaks
  19 redbacks
  15 tarantellas
  4 fire bats (Volcano)
  8 wraiths
  Grum (D:11)
  19 humans (D:14)
  6 basilisks
  A steam dragon (D:13)
  6 wyverns
  2 hungry ghosts
  31 vampire mosquitoes
  10 insubstantial wisps
  22 swamp worms
  14 water moccasins
  2 hell hounds (Lair:4)
  A soldier ant (D:14)
  4 wargs
  5 porcupines
  32 orc warriors
  A hornet zombie (D:15)
  12 ice beasts
  A sky beast (D:12)
  A black bear (Lair:1)
  12 swamp drakes
  4 necrophages
  2 wolves (D:11)
  2 eyes of draining
  3 phantoms
  11 ogres
  9 boggarts
  20 centaurs
  12 crocodiles
  6 big kobolds
  22 bullfrogs
  6 scorpions
  33 killer bees
  17 wights
  5 howler monkeys
  8 electric eels
  7 lava snakes (Volcano)
  13 crimson imps
  4 centaur zombies
  5 hounds
  6 jellies
  18 orc priests
  Crazy Yiuf (D:3)
  3 bullfrog skeletons
  2 gnoll shamans
  Jessica (D:3)
  4 iguanas
  20 orc wizards
  Ijyb (D:3)
  Natasha (thrice) (D:2)
  16 hell rats (Lair:2)
  14 worker ants
  3 hound zombies
  A howler monkey zombie (D:8)
  A hound skeleton (D:11)
  Robin (D:2)
  6 gnolls
  10 adders
  A howler monkey skeleton (D:11)
  12 river rats
  A shadow imp (D:6)
  2 adder skeletons
  16 worms
  8 leopard geckos
  86 orcs
  5 bats
  4 giant cockroaches
  12 goblins
  4 hobgoblins
  15 jackals
  13 quokkas
  3 frilled lizards
  A jackal zombie (D:8)
  15 kobolds
  A leopard gecko skeleton (D:5)
  22 rats
  2 fungi
  10 plants
1187 creatures vanquished.

Vanquished Creatures (collateral kills)
  A thorn hunter (Swamp:3)
  A swamp worm (Swamp:3)
  2 briar patches (Swamp:3)
4 creatures vanquished.

Vanquished Creatures (others)
  14 fungi
  50 plants
64 creatures vanquished.

Grand Total: 1255 creatures vanquished

Notes
Turn   | Place    | Note
-------+----------+-------------------------------------------
     0 | D:1      | zhorgal the Minotaur Berserker began the quest for the Orb.
     0 | D:1      | Reached XP level 1. HP: 19/19 MP: 0/0
   533 | D:1      | Reached XP level 2. HP: 19/27 MP: 1/1
   822 | D:2      | Reached skill level 4 in Axes
   899 | D:2      | Noticed Robin
   909 | D:2      | Killed Robin
   909 | D:2      | Reached XP level 3. HP: 33/33 MP: 2/2
   916 | D:2      | Reached ** piety under Trog
  1026 | D:2      | Found a sacrificial altar of Ru.
  1026 | D:2      | Found an opulent altar of Gozag.
  1027 | D:2      | Found a hide-covered altar of Uskayaw.
  1047 | D:2      | Reached skill level 5 in Axes
  1109 | D:2      | Reached XP level 4. HP: 22/40 MP: 3/3
  1349 | D:2      | Noticed Natasha
  1367 | D:2      | Killed Natasha
  1367 | D:2      | Reached skill level 6 in Axes
  1600 | D:2      | Noticed Natasha
  1606 | D:2      | Killed Natasha
  1666 | D:2      | Noticed Natasha
  1668 | D:2      | Killed Natasha
  1668 | D:2      | Reached XP level 5. HP: 46/46 MP: 4/4
  1881 | D:3      | Reached skill level 7 in Axes
  1928 | D:3      | Noticed Ijyb
  1949 | D:3      | Killed Ijyb
  1965 | D:3      | Noticed Grinder
  1969 | D:3      | Paralysed by Grinder for 2 turns
  1973 | D:3      | Killed Grinder
  1973 | D:3      | Reached skill level 8 in Axes
  1973 | D:3      | Reached XP level 6. HP: 52/52 MP: 5/5
  2075 | D:3      | Found a bloodstained altar of Trog.
  2183 | D:3      | Noticed Jessica
  2187 | D:3      | Killed Jessica
  2319 | D:3      | Found a runed door.
  2323 | D:3      | Noticed Crazy Yiuf
  2329 | D:3      | Killed Crazy Yiuf
  2329 | D:3      | Reached skill level 9 in Axes
  2464 | D:4      | Found a glowing drain.
  2499 | D:4      | Reached XP level 7. HP: 50/58 MP: 6/6
  2519 | Sewer    | Entered a sewer
  2529 | Sewer    | Reached *** piety under Trog
  2652 | Sewer    | Found a white marble altar of Elyvilon.
  2764 | D:4      | Reached skill level 10 in Axes
  3120 | D:4      | Reached skill level 11 in Axes
  3354 | D:5      | Entered Level 5 of the Dungeon
  3354 | D:5      | Noticed Sigmund
  3404 | D:5      | Reached XP level 8. HP: 66/66 MP: 7/7
  3781 | D:6      | Found a hazy altar of Hepliaklqana.
  3886 | D:6      | Found a staircase to the Ecumenical Temple.
  4013 | D:6      | Reached skill level 12 in Axes
  4020 | D:6      | Reached **** piety under Trog
  4483 | D:6      | Gained mutation: You are clumsy. (Dex -2) [potion of mutation]
  4483 | D:6      | Gained mutation: You are partially covered in large bone plates. (SH +4) [potion of mutation]
  4483 | D:6      | Gained mutation: Your flesh is heat resistant. (rF+) [potion of mutation]
  4587 | D:7      | Noticed Prince Ribbit
  4590 | D:7      | Reached skill level 13 in Axes
  4594 | D:7      | Found a stormy altar of Qazlal.
  4615 | D:7      | Killed Prince Ribbit
  4733 | D:7      | Reached XP level 9. HP: 71/71 MP: 8/8
  4735 | D:7      | Lost intelligence.
  4945 | D:7      | Reached skill level 14 in Axes
  5208 | D:8      | Noticed a komodo dragon
  5209 | D:8      | Found a basalt altar of Yredelemnul.
  5209 | D:8      | Noticed a six-headed hydra
  5209 | D:8      | Noticed a deep elf mage
  5432 | D:8      | Identified a scroll of acquirement
  5433 | D:8      | Got a dazzling scale mail
  5444 | D:8      | Identified the +1 scale mail "Cacunim" {rC+ rCorr Str+2 Int-2} (You acquired it on level 8 of the Dungeon)
  5641 | D:8      | Reached skill level 5 in Fighting
  5727 | D:8      | Noticed a two-headed ogre
  5735 | D:8      | Killed a two-headed ogre
  5735 | D:8      | Reached skill level 15 in Axes
  5735 | D:8      | Reached skill level 5 in Armour
  5913 | D:8      | Reached XP level 10. HP: 78/83 MP: 9/9
  5919 | D:8      | Reached ***** piety under Trog
  6394 | D:9      | HP: 1/84 [orc warrior/glaive (20)]
  6885 | D:9      | Reached skill level 16 in Axes
  6899 | D:9      | Received a gift from Trog
  7502 | D:9      | Found a staircase to the Orcish Mines.
  7975 | D:9      | Found a staircase to the Lair.
  8086 | Lair:1   | Entered Level 1 of the Lair of Beasts
  8198 | Lair:1   | Noticed a spiny frog
  8205 | Lair:1   | Killed a spiny frog
  8254 | Lair:1   | Noticed a spiny frog
  8259 | Lair:1   | Killed a spiny frog
  8400 | Lair:1   | Reached XP level 11. HP: 94/94 MP: 10/10
  8884 | Lair:2   | Noticed Erica
  8896 | Lair:2   | Killed Erica
  9094 | Lair:2   | Reached skill level 17 in Axes
  9537 | Lair:2   | Reached skill level 1 in Evocations
  9878 | Lair:2   | Found a staircase to the Swamp.
 10392 | Lair:3   | Noticed Harold
 10398 | Lair:3   | Killed Harold
 10563 | Lair:3   | Noticed Nergalle
 10580 | Lair:3   | Killed Nergalle
 10728 | Lair:3   | Reached XP level 12. HP: 106/106 MP: 13/13
 11291 | Lair:3   | Reached skill level 18 in Axes
 11459 | Lair:4   | Reached skill level 10 in Fighting
 11555 | Lair:4   | Noticed a five-headed hydra
 11563 | Lair:4   | Killed a one-headed hydra
 11563 | Lair:4   | Reached skill level 10 in Armour
 11617 | Lair:4   | Found a dark tunnel.
 11623 | Volcano  | Entered a volcano
 11965 | Volcano  | Noticed a two-headed ogre
 11965 | Volcano  | Noticed a two-headed ogre
 11971 | Volcano  | Noticed a red draconian
 11974 | Volcano  | Noticed an ogre mage
 11974 | Volcano  | Killed a two-headed ogre
 11980 | Volcano  | Killed a two-headed ogre
 11980 | Volcano  | Reached ****** piety under Trog
 11981 | Volcano  | Noticed a two-headed ogre
 11982 | Volcano  | Noticed a two-headed ogre
 11990 | Volcano  | Killed a red draconian
 11993 | Volcano  | Killed an ogre mage
 11993 | Volcano  | Reached skill level 5 in Evocations
 11995 | Volcano  | Killed a two-headed ogre
 11998 | Volcano  | Noticed a two-headed ogre
 11998 | Volcano  | Killed a two-headed ogre
 12009 | Volcano  | Found a bloodstained altar of Trog.
 12237 | Volcano  | Killed a two-headed ogre
 12312 | Volcano  | Found a bloodstained altar of Trog.
 12602 | Lair:4   | Found a hole to the Spider Nest.
 12697 | Lair:4   | Noticed Yhamm's ghost (journeyman GrFi)
 12730 | Lair:4   | Killed Yhamm's ghost
 12884 | Lair:4   | Reached XP level 13. HP: 101/117 MP: 13/16
 14360 | Lair:5   | Noticed Rupert
 14404 | Lair:5   | Killed Rupert
 14404 | Lair:5   | Received a gift from Trog
 15070 | Lair:6   | Entered Level 6 of the Lair of Beasts
 15807 | Lair:6   | Reached XP level 14. HP: 118/129 MP: 17/19
 16181 | Lair:6   | Received a gift from Trog
 16383 | Lair:6   | Found a viscous altar of Jiyva.
 16384 | Lair:6   | Found a staircase to the Slime Pits.
 17168 | Lair:6   | Reached skill level 19 in Axes
 17359 | Orc:1    | Entered Level 1 of the Orcish Mines
 17520 | Orc:2    | Entered Level 2 of the Orcish Mines
 17576 | Orc:2    | Found Guisuhio's Antique Armour Emporium.
 17576 | Orc:2    | Found a roughly hewn altar of Beogh.
 18037 | Orc:2    | Bought a pair of runed boots for 292 gold pieces
 18711 | Orc:2    | Found Barras's Jewellery Shop.
 18784 | Orc:2    | Found a staircase to the Elven Halls.
 18992 | Orc:2    | Found a burning altar of Makhleb.
 19022 | Orc:2    | Noticed an orc warlord
 19023 | Orc:2    | Found Toatem's General Store.
 19102 | Orc:1    | Killed an orc warlord
 19251 | Orc:2    | Gained mutation: You have a somewhat thin skeletal structure. (Dex +2, Stealth) [a neqoxec]
 19482 | Orc:2    | Bought a scroll of enchant armour for 120 gold pieces
 19482 | Orc:2    | Bought a potion of curing for 48 gold pieces
 19482 | Orc:2    | Bought a potion of agility for 64 gold pieces
 19482 | Orc:2    | Bought a scroll of recharging for 152 gold pieces
 19499 | Orc:2    | Found Zoafeuz's Antique Weapon Emporium.
 19618 | Orc:2    | Upgraded the game from 0.20-b1-14-g8425815 to 0.20-b1-18-gaa2fd62
 19742 | D:10     | Entered Level 10 of the Dungeon
 20371 | D:11     | Noticed Grum
 20375 | D:11     | Killed Grum
 20450 | D:11     | Received a gift from Trog
 20947 | D:11     | Noticed an emperor scorpion
 20947 | D:11     | a yellow draconian changed into an emperor scorpion
 20954 | D:11     | Killed an emperor scorpion
 20954 | D:11     | Reached XP level 15. HP: 105/139 MP: 16/21
 21253 | D:11     | Noticed Josephine
 21266 | D:11     | Killed Josephine
 21846 | D:11     | Received a gift from Trog
 21871 | D:11     | Reached skill level 20 in Axes
 22281 | D:12     | Found Ybboup's Distillery.
 22287 | D:12     | Bought 2 potions of agility for 104 gold pieces
 22287 | D:12     | Bought a potion of curing for 39 gold pieces
 22287 | D:12     | Bought 2 potions of resistance for 260 gold pieces
 22287 | D:12     | Bought a potion of heal wounds for 65 gold pieces
 22434 | D:12     | Found Natunips's Assorted Antiques.
 22443 | D:12     | Bought a scroll of teleportation for 90 gold pieces
 22454 | D:12     | Found Oty Jich's Magic Scroll Emporium.
 22479 | D:12     | Found Wual Oto's Gadget Shoppe.
 22514 | D:12     | Found a frozen archway.
 22523 | IceCv    | Entered an ice cave
 22569 | IceCv    | Reached skill level 15 in Fighting
 22813 | IceCv    | Identified the cursed +0 ice dragon scales of Baonoenomp {rF- rC++ Int+3 Dex+2 Stlth-} (You found it in an ice cave)
 22998 | D:12     | Upgraded the game from 0.20-b1-18-gaa2fd62 to 0.20-b1-24-gb21faa7
 23438 | D:12     | Bought a scroll of blinking for 105 gold pieces
 23438 | D:12     | Bought a scroll of blinking for 105 gold pieces
 23438 | D:12     | Bought a scroll of teleportation for 42 gold pieces
 24253 | D:13     | Reached skill level 10 in Evocations
 24311 | D:13     | Reached skill level 15 in Armour
 24312 | D:13     | Received a gift from Trog
 25546 | Swamp:1  | Entered Level 1 of the Swamp
 27244 | Orc:2    | Bought an uncursed ring of see invisible for 270 gold pieces
 27410 | D:14     | Received a gift from Trog
 27581 | D:13     | Reached skill level 21 in Axes
 27849 | D:14     | Reached XP level 16. HP: 111/150 MP: 22/22
 28132 | D:14     | Found a gate to the Vaults.
 28760 | D:14     | Found a shimmering altar of Xom.
 28761 | D:14     | Found a shimmering altar of Xom.
 28762 | D:14     | Found a shimmering altar of Xom.
 28763 | D:14     | Found a shimmering altar of Xom.
 29019 | D:15     | Entered Level 15 of the Dungeon
 29366 | D:15     | Found a staircase to the Depths.
 29560 | D:15     | Received a gift from Trog
 30719 | Swamp:2  | Found a blossoming altar of Fedhas.
 31045 | Swamp:2  | Paralysed by a hornet for 3 turns
 31290 | Swamp:2  | Received a gift from Trog
 31623 | Swamp:3  | Reached skill level 22 in Axes
 31637 | Swamp:3  | Noticed Donald
 31649 | Swamp:3  | Killed Donald
 31853 | Swamp:3  | Noticed a thorn hunter
 31862 | Swamp:3  | Killed a thorn hunter
 32214 | Swamp:3  | Reached XP level 17. HP: 154/160 MP: 24/24
 32812 | Swamp:4  | Entered Level 4 of the Swamp
 33724 | Swamp:4  | Received a gift from Trog
 34472 | Swamp:4  | Noticed the 27-headed Lernaean hydra
 34753 | Spider:1 | Entered Level 1 of the Spider Nest
 35469 | Spider:1 | Noticed Jawreze's ghost (adept MiBe)
 35482 | Spider:1 | Killed Jawreze's ghost
 36336 | Spider:2 | Reached skill level 23 in Axes
 36438 | Spider:2 | Received a gift from Trog
 37276 | Spider:2 | Blown up by an orb spider

Skill      XL: |  1  2  3  4  5  6  7  8  9 10 11 12 13 14 15 16 17 |
---------------+----------------------------------------------------+-----
Axes           | 4 5 6 8 9 11 13 15 16 17 18 19 21 22 23 | 23.1
Fighting       | 6 8 9 11 13 14 15 16 17 | 17.6
Armour         | 5 7 9 11 13 14 15 16 17 | 17.2
Evocations     | 2 6 8 9 10 11 12 | 12.1
Dodging        | 3 |  3.5

Action                   |  1- 3 |  4- 6 |  7- 9 | 10-12 | 13-15 | 16-18 || total
-------------------------+-------+-------+-------+-------+-------+-------++-------
Melee: Hand axe          |    61 |   109 |    95 |       |       |       ||   265
       Headbutt          |     5 |    25 |    40 |    98 |   227 |   220 ||   615
       War axe           |       |       |   167 |       |       |       ||   167
       Battleaxe         |       |       |    37 |   269 |  1008 |   877 ||  2191
       Broad axe         |       |       |       |   270 |   110 |    77 ||   457
Throw: Stone             |       |       |     9 |    80 |     6 |       ||    95
       Tomahawk          |       |       |       |       |     1 |     7 ||     8
Invok: Berserk           |     1 |     3 |     3 |     3 |     3 |     3 ||    16
       Burn Spellbooks   |       |       |       |     1 |     8 |     2 ||    11
       Trog's Hand       |       |       |       |       |     4 |     3 ||     7
       Brothers in Arms  |       |       |       |       |       |     1 ||     1
 Abil: Evoke Flight      |       |       |       |       |     2 |       ||     2
Evoke: Wand              |       |       |       |       |     2 |       ||     2
       Lamp of fire      |       |       |       |       |     1 |     1 ||     2
       Lightning rod     |       |       |       |       |       |     2 ||     2
  Use: Scroll            |       |       |    15 |     6 |    11 |     5 ||    37
       Potion            |       |       |    12 |     3 |     3 |     7 ||    25
 Stab: Held in net/web   |       |       |       |       |     1 |       ||     1
  Eat: Chunk             |     1 |     7 |    16 |    21 |    49 |    33 ||   127
       Fruit             |       |       |     1 |       |     4 |     4 ||     9
       Bread ration      |       |       |       |     1 |       |       ||     1
Armor: Animal skin       |     8 |       |       |       |       |       ||     8
       Chain mail        |    10 |    53 |   102 |    18 |   634 |    71 ||   888
       Plate armour      |       |       |    30 |   195 |       |   277 ||   502
       Scale mail        |       |       |       |       |    11 |       ||    11
       Swamp dragon scal |       |       |       |       |       |   210 ||   210
Dodge: Dodged            |    44 |    57 |    96 |   150 |   431 |   374 ||  1152
Block: Other             |       |       |    11 |    53 |   182 |   145 ||   391
